 Dungeon Crawl Stone Soup version 0.30-a0-371-gad7725a93e (webtiles) character file.

Game seed: 9118935206850283009

25 KennySheep the Conjurer (level 3, -2/33 HPs)
             Began as an Ogre Conjurer on Nov 20, 2022.
             Slain by a hobgoblin
             ... wielding a +0 hand axe
              (7 damage)
             ... on level 1 of the Dungeon.
             The game lasted 00:01:41 (916 turns).

KennySheep the Conjurer (Ogre Conjurer)              Turns: 916, Time: 00:01:41

Health: -2/33      AC:  3    Str: 11    XL:     3   Next: 4%
Magic:  7/7        EV:  9    Int: 21    God:
Gold:   95         SH:  0    Dex:  7    Spells: 4/7 levels left

rFire   . . .      SeeInvis .    f - +0 dagger
rCold   . . .      Faith    .    (no shield)
rNeg    . . .      Spirit   .    a - +0 robe
rPois   .          Reflect  .    (helmet restricted)
rElec   .          Harm     .    (no cloak)
rCorr   .          Rampage  .    (gloves unavailable)
Will    .....                    (boots unavailable)
Stlth   +.........               (no amulet)
HPRegen 0.25/turn                (no ring)
MPRegen 0.10/turn                (no ring)

@: no status effects
A: large, unfitting armour, tough skin 1
a: no special abilities


You were on level 1 of the Dungeon.
You visited 1 branch of the dungeon, and saw 1 of its levels.

You collected 95 gold pieces.

Inventory:

Hand Weapons
 f - a +0 dagger (weapon)
Armour
 a - a +0 robe (worn)
Magical Staves
 m - a staff of death
Jewellery
 i - a +4 ring of evasion
 k - a ring of fire
Scrolls
 c - a scroll of vulnerability {unknown}
 d - a scroll of magic mapping {unknown}
 h - a scroll of identify {unknown}
 j - a scroll of poison {unknown}
 l - 2 scrolls of noise {unknown}
Potions
 e - a potion of degeneration {unknown}
 g - 2 potions of attraction {unknown}


   Skills:
 + Level 1.2 Fighting
 - Level 1.7 Dodging
 - Level 1.4 Stealth
 + Level 2.7 Spellcasting
 * Level 3.9 Conjurations
 * Level 1.1 Translocations


You had 4 spell levels left.
You knew the following spells:

 Your Spells              Type           Power      Damage    Failure   Level
a - Magic Dart            Conj           76%        1d6       2%          1
b - Searing Ray           Conj           38%        2d5       4%          2

Your spell library contained the following spells:

 Spells                   Type           Power      Damage    Failure   Level
 Summon Small Mammal      Summ           8%         N/A       14%         1
 Dazzling Flash           Conj/Hex       22%        N/A       19%         3
 Call Canine Familiar     Summ           2%         N/A       38%         3
 Summon Guardian Golem    Hex/Summ       2%         N/A       38%         3
 Iskenderun's Mystic Bla  Conj/Tloc      13%        2d5       43%         4
 Fulminant Prism          Conj/Hex       5%         3d7       52%         4
 Anguish                  Hex/Necr       1%         N/A       80%         4
 Enfeeble                 Hex            1%         N/A       100%        7


Dungeon Overview and Level Annotations

Branches:
Dungeon (1/15)

Altars:


Innate Abilities, Weirdness & Mutations

You are too large for most types of armour.
You have tough skin. (AC +1)


Message History

A goblin comes into view. It is wielding a +0 club.
A goblin is nearby!
The magic dart hits the goblin.
You kill the goblin!
You can't see any susceptible monsters within range! (Use Z to cast anyway.)
You see here a +0 club.
Found a club.
You see here a +0 club.
You see here a bat skeleton.
A hobgoblin comes into view. It is wielding a +0 hand axe.
A hobgoblin is nearby!
A hobgoblin is nearby!
The magic dart hits the hobgoblin but does no damage.
The magic dart hits the hobgoblin but does no damage.
The magic dart hits the hobgoblin but does no damage.
The magic dart hits the hobgoblin.
The hobgoblin is lightly wounded.
The magic dart hits the hobgoblin but does no damage.
The hobgoblin is lightly wounded.
The magic dart hits the hobgoblin but does no damage.
The hobgoblin is lightly wounded.
The hobgoblin hits you with a +0 hand axe.
You hit the hobgoblin.
The hobgoblin is lightly wounded.
The hobgoblin hits you with a +0 hand axe.
You hit the hobgoblin but do no damage.
The hobgoblin is lightly wounded.
The hobgoblin hits you with a +0 hand axe.
The magic dart hits the hobgoblin but does no damage.
The hobgoblin is lightly wounded.
The hobgoblin hits you with a +0 hand axe.
The hobgoblin attacks as you move away!
The hobgoblin hits you with a +0 hand axe.
The magic dart hits the hobgoblin but does no damage.
The hobgoblin is lightly wounded.
The hobgoblin hits you with a +0 hand axe.
* * * LOW HITPOINT WARNING * * *
Magic courses through your body.
The hobgoblin hits you with a +0 hand axe!
You die...

#...#...#.#...#...#..#
####################.#
###....#....# #..#
###......#....# ###.##
#...##...#....###...#
...........)..##..###
####.....#....##.##
##..#...#.......#
#..##...#....##@#
##.##...#....##g#
#.##...#....##.#
#.##...#....##.#
#...#.########.#
#####.#.# #.#
.####...## #.#
....###..### #..
###.##.....######.


You could see a hobgoblin.

Vanquished Creatures
  2 dart slugs (D:1)
  A bat (D:1)
  An endoplasm (D:1)
  5 goblins (D:1)
  2 quokkas (D:1)
  A ball python (D:1)
  3 kobolds (D:1)
  4 rats (D:1)
19 creatures vanquished.

Notes
Turn   | Place    | Note
-------+----------+-------------------------------------------
     0 | D:1      | KennySheep the Ogre Conjurer began the quest for the Orb.
     0 | D:1      | Reached XP level 1. HP: 16/16 MP: 3/3
   191 | D:1      | Reached XP level 2. HP: 24/26 MP: 0/5
   357 | D:1      | Reached skill level 1 in Translocations
   363 | D:1      | Learned a level 2 spell: Searing Ray
   538 | D:1      | Reached skill level 1 in Fighting
   741 | D:1      | Reached XP level 3. HP: 33/33 MP: 1/7
   916 | D:1      | Slain by a hobgoblin

Illustrated notes

Levels and vault maps discovered:
D:1:      amcnicky_arrival_abandoned_market, layout_rooms,
          hangedman_decor_diamond_cutter, grunt_decor_fettered,
          dreamdust_wishing_well, grunt_decor_cap, grunt_decor_arrowhead,
          minmay_pentomino_r4

Skill      XL: |  1  2 |
---------------+-------+-----
Translocations | 1 |  1.1
Fighting       | 1 |  1.2
Dodging        | |  1.7
Stealth        | |  1.4
Spellcasting   | |  2.7
Conjurations   | |  3.9

Action                   || total
-------------------------++-------
Melee: Unarmed           ||     8
       Dagger            ||    17
 Cast: Magic Dart        ||    41
  Use: Potion            ||     1
Armor: Robe              ||     7
Dodge: Dodged            ||     8

Table legend: (Time is in decaauts)
 A = Elapsed time spent in this place.
 B = Non-inter-level travel time spent in this place.
 C = Inter-level travel time spent in this place.
 D = Time resting spent in this place.
 E = Time spent auto-exploring this place.
 F = Levels seen in this place.
 G = Mean time per level.
                   A        B        C        D        E       F      G
               +--------+--------+--------+--------+--------+-----+--------+
         Total |    915 |    915 |      0 |      0 |    775 |   1 |  915.0 |
       Dungeon |    915 |    915 |      0 |      0 |    775 |   1 |  915.0 |
               +--------+--------+--------+--------+--------+-----+--------+

Top non-repeatable levels by time:
     D:1: 915 daAuts
